 Dungeon Crawl Stone Soup version 0.28-a0-537-g3bccd9ccbf (webtiles) character file.

Game seed: 15915888527475202604

368 omnomnOMINOUS the Ducker (level 6, -11/43 HPs)
             Began as an Octopode Wanderer on Sept 27, 2021.
             Mangled by Duvessa (15 damage)
             ... on level 4 of the Dungeon.
             The game lasted 00:04:04 (2686 turns).

omnomnOMINOUS the Ducker (Octopode Wanderer)        Turns: 2686, Time: 00:04:04

Health: -11/43     AC:  1    Str: 14    XL:     6   Next: 69%
Magic:  12/12      EV: 15    Int: 13    God:
Gold:   115        SH:  0    Dex: 18    Spells: 12/13 levels left

rFire   . . .      SeeInvis .   a - +2 hand axe (vorpal)
rCold   . . .      Faith    .   (no shield)
rNeg    . . .      Spirit   .   (helmet restricted)
rPois   .          Reflect  .   (no amulet)
rElec   .          Harm     .   d - +6 ring of dexterity
rCorr   .          Rampage  .   (no ring)
Will    .....                   (no ring)
Stlth   +++.......              (no ring)
HPRegen 0.14/turn               (no ring)
MPRegen 0.13/turn               (no ring)
                                (no ring)
                                (no ring)

@: no status effects
A: almost no armour, amphibious, 8 rings, camouflage 1, gelatinous body 1,
(nimble swimmer 1), tentacles
a: no special abilities


You were on level 4 of the Dungeon.
You visited 1 branch of the dungeon, and saw 4 of its levels.

You collected 115 gold pieces.

Inventory:

Hand Weapons
 a - a +2 vorpal hand axe (weapon)
Jewellery
 d - a +6 ring of dexterity (left tentacle)
Scrolls
 b - 3 scrolls of teleportation
 e - a scroll of identify {unknown}
 f - a scroll of torment {unknown}
 g - a scroll of brand weapon {unknown}
 h - a scroll of amnesia {unknown}
 i - a scroll of silence {unknown}
 m - a scroll of enchant weapon {unknown}
Potions
 c - 5 potions of curing
 j - a potion of heal wounds {unknown}
 k - a potion of degeneration {unknown}
 l - a potion of attraction {unknown}
 n - 2 potions of invisibility {unknown}


   Skills:
 + Level 4.1 Fighting
 - Level 4.0 Axes
 + Level 4.1 Dodging
 - Level 1.3 Stealth
 + Level 4.1 Spellcasting
 - Level 1.1 Evocations


You had 12 spell levels left.
You knew the following spells:

 Your Spells              Type           Power      Damage    Failure   Level
a - Apportation           Tloc           4%         N/A       21%         1

Your spell library contained the following spells:

 Spells                   Type           Power      Damage    Failure   Level
 Animate Skeleton         Necr           4%         N/A       21%         1
 Summon Small Mammal      Summ           8%         N/A       21%         1


Dungeon Overview and Level Annotations

Branches:
Dungeon (4/15)
 Temple: D:4-7

Altars:
Xom

Annotations:
D:4 Duvessa


Innate Abilities, Weirdness & Mutations

You cannot wear most types of armour.
You are amphibious.
You can wear up to eight rings at the same time.
Your skin changes colour to match your surroundings (Stealth+).
Your rubbery body absorbs attacks. (AC +1, EV +1)
((You are camouflaged near water. (Stealth+)))
You have tentacles for arms and can constrict up to eight enemies at once.


Message History

Dowan, Brother of Duvessa comes into view.
He is wielding a +0 dagger.
You see here a +0 leather armour.
Duvessa, Sister of Dowan comes into view.
She is wielding a +0 short sword.
The helpless Dowan fails to defend himself.
You slash Dowan! Your grab misses Dowan. Your squeeze misses Dowan.
Dowan is moderately wounded.
Dowan misses you.
You hit Dowan. Your grab misses Dowan. You squeeze Dowan, but do no damage.
Dowan is heavily wounded.
Dowan barely misses you.
You completely miss Dowan. Your grab misses Dowan.
You squeeze Dowan, but do no damage.
Dowan is heavily wounded.
Dowan hits you with a +0 dagger. x2
You closely miss Dowan. You grab Dowan. You squeeze Dowan.
Dowan is severely wounded.
You constrict Dowan. Dowan barely misses you.
You hit Dowan.
Dowan is almost dead.
You constrict Dowan.
You kill Dowan!
Duvessa screams, "No!
How DARE you!"
Duvessa goes berserk!
Duvessa hits you with a +0 short sword!
Things that are here:
a +0 dagger; a +0 robe You hit Duvessa but do no damage.
You grab Duvessa. You constrict Duvessa. Duvessa barely misses you.
You hit Duvessa but do no damage.
Duvessa is lightly wounded.
You constrict Duvessa.
Duvessa hits you with a +0 short sword!!
* * * LOW HITPOINT WARNING * * *
Duvessa closely misses you.
You hit Duvessa. You squeeze Duvessa, but do no damage.
Duvessa is lightly wounded.
You constrict Duvessa. Duvessa hits you with a +0 short sword.
* * * LOW HITPOINT WARNING * * *
Duvessa hits you with a +0 short sword!
You die...

†....#.#.# .........#
#......#.# #......#.#
#......### .......##
........#
........###############.
........'..[....@e......
###.....################
#.....# #.....# #.....#
#.....# #.....# #.....#


You could see Duvessa (berserk).

Vanquished Creatures
  A centaur (D:4)
  2 scorpions (D:3)
  Dowan (D:4)
  A hound skeleton (D:4)
  4 adders
  6 endoplasms
  3 giant cockroaches
  13 goblins
  3 hobgoblins
  6 jackals
  5 quokkas
  4 ball pythons
  3 bats
  4 frilled lizards
  9 kobolds
  12 rats
77 creatures vanquished.

Notes
Turn   | Place    | Note
-------+----------+-------------------------------------------
     0 | D:1      | omnomnOMINOUS the Octopode Wanderer began the quest for the
                  | Orb.
     0 | D:1      | omnomnOMINOUS set off with the following items: a +2 hand
                  | axe, a scroll of teleportation, a potion of curing
     0 | D:1      | Reached XP level 1. HP: 17/17 MP: 1/1
    91 | D:1      | Reached skill level 1 in Dodging
    91 | D:1      | Reached XP level 2. HP: 21/22 MP: 1/3
   160 | D:1      | Found a faded altar of an unknown god.
   165 | D:1      | Reached skill level 1 in Spellcasting
   554 | D:1      | Reached XP level 3. HP: 27/27 MP: 5/5
  1056 | D:2      | Learned a level 1 spell: Apportation
  1191 | D:2      | Reached XP level 4. HP: 32/33 MP: 7/7
  1659 | D:3      | Noticed a scorpion
  1935 | D:3      | Killed a scorpion
  1936 | D:3      | Reached XP level 5. HP: 16/37 MP: 7/9
  2268 | D:3      | Found a shimmering altar of Xom.
  2357 | D:3      | Reached XP level 6. HP: 43/43 MP: 11/11
  2671 | D:4      | Noticed Dowan
  2674 | D:4      | Noticed Duvessa
  2682 | D:4      | Killed Dowan
  2686 | D:4      | Mangled by Duvessa

Illustrated notes

Levels and vault maps discovered:
D:1:      lightli_arrival_maybe_door_vault, layout_basic,
          hellmonk_ecumenical_altar_blasted, minmay_rat_gold_closets
D:2:      layout_loops_cross
D:3:      layout_basic, xom_teletrap_fun
D:4:      layout_basic, nicolae_kikubaaqudgha_miasma_corner, corner_web_ring,
          uniq_duvessa

Skill      XL: |  1  2  3  4  5  6 |
---------------+-------------------+-----
Dodging        | 1 2 3 4 |  4.1
Spellcasting   | 1 2 3 4 |  4.1
Fighting       | |  4.1
Axes           | |  4.0
Stealth        | |  1.3
Evocations     | |  1.1

Action                   |  1- 3 |  4- 6 || total
-------------------------+-------+-------++-------
Melee: Hand axe          |    55 |    75 ||   130
       Constrict         |    12 |    20 ||    32
       Tentacles         |     8 |    19 ||    27
 Stab: Sleeping          |    13 |    10 ||    23
Armor: Skin              |     1 |     3 ||     4
Dodge: Dodged            |    23 |    43 ||    66

Table legend: (Time is in decaauts)
 A = Elapsed time spent in this place.
 B = Non-inter-level travel time spent in this place.
 C = Inter-level travel time spent in this place.
 D = Time resting spent in this place.
 E = Time spent auto-exploring this place.
 F = Levels seen in this place.
 G = Mean time per level.
                   A        B        C        D        E       F      G
               +--------+--------+--------+--------+--------+-----+--------+
         Total |   2698 |   2588 |    110 |    170 |   1909 |   4 |  674.5 |
       Dungeon |   2698 |   2588 |    110 |    170 |   1909 |   4 |  674.5 |
               +--------+--------+--------+--------+--------+-----+--------+

Top non-repeatable levels by time:
     D:2: 921 daAuts
     D:3: 829 daAuts
     D:1: 789 daAuts
     D:4: 158 daAuts
